 Dungeon Crawl Stone Soup version 0.32-a0-837-g8d3e27d251 (webtiles) character file.

Game seed: 5852673930341858802

22503 Leissi the Severer (level 12, -14/104 HPs)
             Began as a Mountain Dwarf Fighter on Mar 26, 2024.
             Was an Initiate of Gozag.
             Demolished by a skyshark (23 damage)
             ... on level 2 of the Lair of Beasts.
             The game lasted 00:25:36 (15578 turns).

Leissi the Severer (Mountain Dwarf Fighter)        Turns: 15578, Time: 00:25:38

Health: -14/104    AC: 12    Str: 23    XL:     12   Next: 63%
Magic:  17/17      EV: 15    Int: 13    God:    Gozag
Gold:   580        SH:  6    Dex:  9    Spells: 18/18 levels left

rFire   + + .        a - +4 war axe (venom)
rCold   + . .        c - +0 buckler
rNeg    + . .        D - +0 scale mail {rC+}
rPois   +            (no helmet)
rElec   .            H - +1 cloak {rPois}
rCorr   .            r - +0 pair of gloves
SInv    .            (no boots)
Will    +....        (no amulet) Stlth
                     G - +5 ring of evasion
HPRegen 0.37/turn    d - ring of the Fool {rPois rF++ rN+ Str+3 Slay+3}
MPRegen 0.15/turn

%: no passive effects
@: gold aura
A: runic magic, artefact enchanting
a: Renounce Religion, Potion Petition, Call Merchant, Bribe Branch


You were on level 2 of the Lair of Beasts.
You worshipped Gozag.
Gozag was pleased with you.
You visited 3 branches of the dungeon, and saw 15 of its levels.

You collected 2441 gold pieces.
You spent 1192 gold pieces at shops.
You paid 669 gold pieces to Gozag.

Inventory:

Hand Weapons
 a - a +4 war axe of venom (weapon)
Armour
 c - a +0 buckler (worn)
 f - a +0 kite shield
 k - a +2 cloak
 r - a +0 pair of gloves (worn)
 D - a +0 scale mail of cold resistance (worn)
 H - a +1 cloak of poison resistance (worn)
Jewellery
 d - the ring of the Fool (right hand) {rPois rF++ rN+ Str+3 Slay+3}
   (You bought it in a shop on level 7 of the Dungeon)

   [ring of positive energy]

   Str+3:     It affects your strength (+3).
   Slay+3:    It affects your accuracy & damage with ranged weapons and melee
   (+3).
   rF++:      It greatly protects you from fire.
   rPois:     It protects you from poison.
   rN+:       It protects you from negative energy.
 G - a +5 ring of evasion (left hand)
 I - a ring of fire
Wands
 b - a wand of flame (13)
 i - a wand of paralysis (8)
 w - a wand of polymorph (12)
 A - a wand of iceblast (2)
 K - a wand of mindburst (5)
Scrolls
 h - 2 scrolls of fog {unknown}
 l - 4 scrolls of fear
 p - a scroll of acquirement {unknown}
 s - 2 scrolls of brand weapon {unknown}
 t - 2 scrolls of noise
 v - 2 scrolls of revelation
 y - a scroll of immolation
 z - a scroll of silence
 B - a scroll of enchant weapon
 C - 3 scrolls of blinking
 J - 3 scrolls of teleportation
 M - a scroll of vulnerability {unknown}
 N - a scroll of torment {unknown}
Potions
 e - 2 potions of curing
 g - 5 potions of heal wounds
 j - 3 potions of haste
 m - a potion of degeneration {unknown}
 n - 4 potions of mutation
 o - 3 potions of enlightenment
 u - a potion of lignification {unknown}
 x - 2 potions of attraction {unknown}
 E - a potion of magic {unknown}
 F - a potion of resistance {unknown}
 L - a potion of brilliance {unknown}


   Skills:
 + Level 9.3 Fighting
 + Level 15.4 Axes
 + Level 10.3 Armour
 + Level 3.9 Dodging
 + Level 2.4 Stealth
 * Level 10.4 Shields
 * Level 3.9 Spellcasting
 + Level 2.6 Evocations


You had 18 spell levels left.
You didn't know any spells.
Your spell library contained the following spells:

 Spells                   Type           Power      Damage    Failure   Level
 Apportation              Tloc           4%         N/A       28%         1
 Necrotise                Necr           8%         1d4       28%         1
 Sting                    Conj/Alch      8%         1d3       28%         1
 Summon Small Mammal      Summ           8%         N/A       28%         1
 Ensorcelled Hibernation  Hex/Ice        4%         N/A       41%         2
 Fugue of the Fallen      Necr           2%         N/A       65%         3
 Passwall                 Erth           2%         N/A       65%         3
 Stone Arrow              Conj/Erth      4%         3d7       65%         3
 Swiftness                Air            2%         N/A       65%         3
 Tukima's Dance           Hex            2%         N/A       65%         3
 Anguish                  Hex/Necr       1%         N/A       96%         4
 Animate Armour           Summ/Erth      4%         N/A       96%         4
 Dimensional Bullseye     Hex/Tloc       1%         N/A       96%         4
 Iskenderun's Mystic Bla  Conj/Tloc      2%         2d3       96%         4
 Lehudib's Crystal Spear  Conj/Erth      1%         10d2      100%        8


Dungeon Overview and Level Annotations

Branches:
Dungeon (12/15)            Temple (1/1) D:5            Lair (2/5) D:9
    Orc (0/2) D:11
  Swamp: Lair:2-3    Shoals: Lair:2-3     Snake: Lair:2-3    Spider: Lair:2-3

Altars:
Ashenzari
Cheibriados
Dithmenos
Elyvilon
Fedhas
Gozag
Hepliaklqana
Kikubaaqudgha
Makhleb
Nemelex Xobeh
Okawaru
Qazlal
Ru
Sif Muna
Trog
Uskayaw
Vehumet
Wu Jian
Xom
Yredelemnul
Zin
The Shining One

Shops:
D:3 (   D:7 =

Annotations:
D:6 1 runed translucent door, Viceroy's ghost, novice NaFE
Lair:1 exclusion: oklob plant


Innate Abilities, Weirdness & Mutations

Your spellcasting is much less encumbered by armour.
You can use scrolls of enchantment on lesser artefacts.


Message History

You hit the cane toad but do no damage.
The cane toad is severely wounded.
You hit the skyshark.
The skyshark looks as sick as possible!
The skyshark closely misses you. The skyshark tail-slaps you. x2
The cane toad closely misses you.
You hit the cane toad.
The cane toad is severely wounded.
You closely miss the skyshark. You block the skyshark's attack. x2
The skyshark misses you. The cane toad barely misses you.
You barely miss the cane toad.
The cane toad is almost dead.
You slash the skyshark!
The skyshark looks as sick as possible!
The skyshark bites you!
The skyshark tail-slaps you but does no damage.
The skyshark tail-slaps you. The cane toad closely misses you.
The skyshark completely misses you. The skyshark tail-slaps you!
The skyshark tail-slaps you.
* * * LOW HITPOINT WARNING * * *
You closely miss the skyshark.
The skyshark is severely wounded.
You hit the cane toad.
You kill the cane toad!
The skyshark bites you!!
* * * LOW HITPOINT WARNING * * *
The skyshark tail-slaps you but does no damage.
The skyshark barely misses you.
You hit the skyshark.
The skyshark looks as sick as possible!
The skyshark is severely wounded.
The skyshark bites you but does no damage.
The skyshark misses you. The skyshark closely misses you.
You slash the skyshark!
The skyshark looks as sick as possible!
The skyshark is almost dead.
The skyshark is distracted by your dazzling golden aura.
You catch the helpless skyshark completely off-guard!
You slash the skyshark!
The skyshark is no longer distracted by gold.
The skyshark is almost dead.
The skyshark bites you!!
You die...
Your body crumbles into a pile of gold.

.....#########. .....
.....P.#.##..#.. ....
................ ...
................ #
#..#.##.............
#.##...#.#.............
#......................
#.....$.......P'##..###
#....F@.#.....#..#####.
#........#...##......#.
..............P#......##
##.......#.<...#.#....##
#.#.#####.....##.##...#
#...######.............
.......................
.......................
#######.#P######..##


You could see a skyshark (berserk, extremely poisoned).

Vanquished Creatures
  7 two-headed ogres
  4 death yaks (Lair:1)
  Pikel (D:8)
  2 cyclopes
  3 gargoyles
  A torpor snail (Lair:1)
  6 cane toads
  3 komodo dragons
  3 trolls
  Grinder (D:3)
  A shadow (D:11)
  A wraith (D:11)
  5 wyverns
  A basilisk (Lair:1)
  26 yaks
  2 vampire mosquitoes
  2 steam dragons
  An acid dragon (D:10)
  6 water moccasins
  8 orc warriors
  4 sky beasts
  3 black bears
  An ogre (D:6)
  8 wolves (Lair:1)
  2 centaurs
  A lemure (D:8)
  A brain worm (D:9)
  A kobold brigand (D:7)
  4 bullfrogs (Lair:1)
  A scorpion (D:4)
  A gnoll sergeant (D:8)
  A wight (D:10)
  6 killer bees (D:8)
  3 howler monkeys
  2 electric eels (D:9)
  2 bombardier beetles
  4 crimson imps (D:3)
  A jelly (D:5)
  10 orc priests
  A sleepcap (D:6)
  2 iguanas (D:6)
  8 orc wizards
  5 adders
  8 gnolls
  A shadow imp (D:6)
  A white imp (D:7)
  4 dart slugs
  2 ribbon worms (D:2)
  27 orcs
  9 endoplasms
  4 giant cockroaches
  10 goblins
  8 hobgoblins
  12 jackals
  4 quokkas
  3 ball pythons
  5 bats
  12 frilled lizards
  9 kobolds
  10 rats
285 creatures vanquished.

Notes
Turn   | Place    | Note
-------+----------+-------------------------------------------
     0 | D:1      | Leissi the Mountain Dwarf Fighter began the quest for the
                  | Orb.
     0 | D:1      | Reached XP level 1. HP: 19/19 MP: 1/1
   272 | D:1      | Reached XP level 2. HP: 21/26 MP: 2/2
   571 | D:1      | Reached XP level 3. HP: 29/31 MP: 3/3
   949 | D:2      | Found a glowing silver altar of Zin.
   987 | D:2      | Reached skill level 3 in Axes
  1646 | D:3      | Reached XP level 4. HP: 40/40 MP: 4/4
  1774 | D:3      | Found Gigun Matt's Antique Weapon Boutique.
  1777 | D:3      | Bought a glowing war axe for 156 gold pieces
  1904 | D:3      | Noticed Grinder
  1904 | D:3      | Paralysed by Grinder for 2 turns
  1914 | D:3      | Killed Grinder
  1915 | D:3      | Reached skill level 5 in Axes
  1915 | D:3      | Reached skill level 1 in Dodging
  1915 | D:3      | Reached XP level 5. HP: 39/46 MP: 5/5
  1915 | D:3      | Reached XP level 6. HP: 45/52 MP: 6/6
  2038 | D:3      | Found a shimmering altar of Xom.
  2764 | D:4      | Found a sparkling altar of Nemelex Xobeh.
  2765 | D:4      | Found a basalt altar of Yredelemnul.
  2841 | D:4      | Reached skill level 6 in Axes
  2841 | D:4      | Reached skill level 5 in Shields
  2865 | D:4      | Reached XP level 7. HP: 59/59 MP: 7/7
  3169 | D:5      | Entered Level 5 of the Dungeon
  3480 | D:5      | Reached skill level 7 in Axes
  3689 | D:5      | Found a staircase to the Ecumenical Temple.
  3792 | Temple   | Entered the Ecumenical Temple
  3802 | Temple   | Became a worshipper of Gozag Ym Sagoz the Greedy
  3878 | D:6      | Reached skill level 5 in Armour
  3921 | D:6      | Found a runed translucent door.
  3924 | D:6      | Noticed Viceroy's ghost (novice NaFE)
  4162 | D:6      | Reached XP level 8. HP: 57/67 MP: 8/8
  4447 | D:6      | Found a hide-covered altar of Uskayaw.
  4792 | D:7      | Reached skill level 5 in Fighting
  4792 | D:7      | Reached skill level 8 in Axes
  5539 | D:7      | Found Niemo's Jewellery Shoppe.
  5597 | D:7      | Found Zin's Purification Station.
  5597 | D:7      | Found a glowing silver altar of Zin.
  5605 | D:7      | Bought a potion of curing for 90 gold pieces
  5615 | D:7      | Reached skill level 9 in Axes
  5750 | D:7      | Found a faded altar of an unknown god.
  6037 | D:7      | Reached XP level 9. HP: 46/74 MP: 9/9
  6360 | D:8      | Found a hazy altar of Hepliaklqana.
  6383 | D:8      | Found an ancient bone altar of Kikubaaqudgha.
  6436 | D:8      | Noticed Pikel
  6452 | D:8      | Killed Pikel
  6526 | D:8      | Found an iron altar of Okawaru.
  7016 | D:8      | Reached skill level 10 in Axes
  7373 | D:8      | Found a shimmering blue altar of Sif Muna.
  7621 | D:9      | Noticed a two-headed ogre
  7625 | D:9      | Killed a two-headed ogre
  7626 | D:9      | Reached skill level 1 in Stealth
  7907 | D:9      | Noticed Maurice
  7913 | D:9      | Noticed Maurice
  7918 | D:9      | Killed Maurice the brain worm
  7919 | D:9      | Reached XP level 10. HP: 65/83 MP: 7/10
  7952 | D:9      | Reached skill level 1 in Evocations
  8098 | D:9      | Reached skill level 11 in Axes
  8370 | D:9      | Found a staircase to the Lair.
  8383 | D:9      | Noticed a gargoyle
  8400 | D:9      | Killed a gargoyle
  9130 | D:10     | Entered Level 10 of the Dungeon
  9347 | D:9      | Reached skill level 12 in Axes
  9931 | D:7      | Bought the ring of the Fool {rPois rF++ rN+ Str+3 Slay+3}
                  | for 946 gold pieces
 10026 | D:10     | Noticed a two-headed ogre
 10034 | D:10     | Killed a two-headed ogre
 10090 | D:10     | Noticed a two-headed ogre
 10097 | D:10     | Killed a two-headed ogre
 10098 | D:10     | Reached XP level 11. HP: 86/92 MP: 11/11
 10450 | D:10     | Noticed a two-headed ogre
 10456 | D:10     | Killed a two-headed ogre
 11065 | D:11     | Found a staircase to the Orcish Mines.
 11837 | D:11     | Reached skill level 13 in Axes
 12014 | D:11     | Reached skill level 1 in Spellcasting
 12275 | D:11     | Found an iron altar of Okawaru.
 12607 | D:12     | Noticed Urug
 12608 | D:12     | Urug changed into Urug the cyclops
 12608 | D:12     | Noticed Urug
 12616 | D:12     | Killed Urug the cyclops
 12929 | D:12     | Noticed a two-headed ogre
 12931 | D:12     | Noticed a two-headed ogre
 12936 | D:12     | Killed a two-headed ogre
 12945 | D:12     | Killed a two-headed ogre
 13080 | D:12     | Noticed a two-headed ogre
 13100 | D:12     | Killed a two-headed ogre
 13321 | D:11     | Reached skill level 14 in Axes
 13592 | Lair:1   | Entered Level 1 of the Lair of Beasts
 13765 | Lair:1   | Reached skill level 10 in Armour
 13765 | Lair:1   | Reached XP level 12. HP: 45/103 MP: 16/16
 13768 | Lair:1   | Reached skill level 10 in Shields
 14496 | Lair:1   | Noticed a death yak
 14497 | Lair:1   | Noticed a death yak
 14497 | Lair:1   | Noticed a death yak
 14498 | Lair:1   | Noticed a death yak
 14526 | Lair:1   | Killed a death yak
 14531 | Lair:1   | Killed a death yak
 14549 | Lair:1   | Killed a death yak
 14565 | Lair:1   | Killed a death yak
 14566 | Lair:1   | Reached skill level 15 in Axes
 15578 | Lair:2   | Demolished by a skyshark

Illustrated notes

Levels and vault maps discovered:
D:1:      minmay_arrival_floating_metal, layout_basic, minmay_small_reverse_x
D:2:      layout_basic, basic_altar
D:3:      layout_basic, led_xom_imps, serial_shops,
          nicolae_shop_tiny_real_fake_doors, minmay_lizard_king, uniq_grinder
D:4:      layout_basic, gammafunk_temple_overflow_statue
D:5:      layout_rooms, lemuel_temple_firewalk_b
D:6:      layout_basic, nicolae_uskayaw_dance_hall, gammafunk_ghost_grave,
          eino_small_chamber_without_monster
D:7:      layout_cave_pools, zin_purify, serial_column_ruins,
          column_ruins_temple_hut, column_ruins_hut_ruined,
          column_ruins_open_tiny, column_ruins_columns_straight,
          column_ruins_columns_straight, column_ruins_corridor_dead_end,
          column_ruins_open_small, serial_shops, shop
D:8:      layout_loops_ring, lemuel_tele_altar, tgw_sif,
          mainiacjoe_overflow_alcove_4, mainiacjoe_overflow_catwalk,
          onia_ninara_dug_in_and_dangerous, uniq_pikel
D:9:      nicolae_moon_pools, layout_irregular_city, lair_entry_dummy,
          minmay_misc_feat_tiny, uniq_maurice
D:10:     layout_stronghold, serial_rivers, chequers_serial_rivers_small_a,
          chequers_serial_rivers_room_b, chequers_serial_rivers_room_a,
          chequers_serial_rivers_marsh, hangedman_corner_corridor
D:11:     layout_stronghold, david_orc_1_choice, okawaru_metal_pillars_3
D:12:     layout_loops_ring, uniq_rupert, uniq_urug
Temple:   nicolae_temple_bog_church
Lair:1:   minmay_lair_oklob_tunnel, layout_regular_city, grunt_megastairs_5
Lair:2:   layout_regular_city, shoals_dummy_entry,
          portal_ice_cave_entry_pillars_1, st_stairs_6,
          chequers_serial_rivers_small_3

Skill      XL: |  1  2  3  4  5  6  7  8  9 10 11 12 |
---------------+-------------------------------------+-----
Axes           | 3 5 6 7 9 10 12 14 15 | 15.4
Shields        | 4 5 6 7 8 9 10 | 10.4
Fighting       | 4 5 6 7 8 9 |  9.3
Armour         | 4 5 6 8 9 10 | 10.3
Dodging        | 1 2 3 |  3.9
Stealth        | 1 2 |  2.4
Evocations     | 1 2 |  2.6
Spellcasting   | 2 3 |  3.9

Action                     |  1- 3 |  4- 6 |  7- 9 | 10-12 || total
---------------------------+-------+-------+-------+-------++-------
  Melee: War axe           |   126 |   102 |   263 |   549 ||  1040
 Invoke: Potion Petition   |       |       |       |     2 ||     2
  Evoke: Wand              |       |       |    10 |     9 ||    19
    Use: Potion            |       |       |     2 |     5 ||     7
         Scroll            |       |       |       |    13 ||    13
   Stab: Distracted        |       |       |     1 |     2 ||     3
         Paralysed         |       |       |       |     3 ||     3
 Armour: Scale mail        |   104 |    78 |   217 |   323 ||   722
  Dodge: Dodged            |    62 |    59 |   116 |   303 ||   540
  Block: Buckler           |    35 |    29 |    56 |    99 ||   219

Table legend: (Time is in decaauts)
 A = Elapsed time spent in this place.
 B = Non-inter-level travel time spent in this place.
 C = Inter-level travel time spent in this place.
 D = Time resting spent in this place.
 E = Time spent auto-exploring this place.
 F = Levels seen in this place.
 G = Mean time per level.
                   A        B        C        D        E       F      G
               +--------+--------+--------+--------+--------+-----+--------+
         Total |  15642 |  15024 |    618 |   2776 |  10087 |  15 | 1042.8 |
       Dungeon |  13670 |  13114 |    556 |   2277 |   8970 |  12 | 1139.2 |
        Temple |     20 |      2 |     18 |      0 |      0 |   1 |   20.0 |
          Lair |   1951 |   1908 |     43 |    499 |   1117 |   2 |  975.5 |
               +--------+--------+--------+--------+--------+-----+--------+

Top non-repeatable levels by time:
     D:9: 1811 daAuts
  Lair:1: 1737 daAuts
    D:11: 1678 daAuts
    D:10: 1663 daAuts
     D:8: 1317 daAuts
     D:7: 1235 daAuts
     D:6: 1234 daAuts
     D:3: 1079 daAuts
     D:1: 954 daAuts
    D:12: 787 daAuts
     D:5: 673 daAuts
     D:4: 657 daAuts
     D:2: 578 daAuts
  Lair:2: 213 daAuts
  Temple: 20 daAuts
